 Dungeon Crawl Stone Soup version 0.28-a0-1404-g4df0f3684d (webtiles) character file.

Game seed: 2448142518474299510

9 spaghetti the Covert (level 2, -1/28 (29) HPs)
             Began as a Gnoll Delver on Jan 6, 2022.
             Slain by a gnoll (5 damage)
             ... on level 6 of the Dungeon.
             The game lasted 00:01:28 (313 turns).

spaghetti the Covert (Gnoll Delver)                  Turns: 313, Time: 00:01:29

HP:   -1/28 (29)    AC:  3    Str: 17    XL:     2   Next: 12%
MP:   2/2           EV: 13    Int:  9    God:
Gold: 45            SH:  0    Dex: 13    Spells: 1/1 levels left

rFire   . . .      SeeInvis .     - Unarmed
rCold   . . .      Faith    .   (no shield)
rNeg    . . .      Spirit   .   a - +0 leather armour
rPois   .          Reflect  .   (no helmet)
rElec   .          Harm     .   (no cloak)
rCorr   .          Rampage  .   (no gloves)
Will    .....                   (no boots)
Stlth   ++++......              (no amulet)
HPRegen 0.09/turn               h - ring of wizardry
MPRegen 0.08/turn               i - +6 ring of strength

@: hasted, lightly drained, very quick
A: fangs 1, strong nose, distributed training
a: no special abilities


You were on level 6 of the Dungeon.
You visited 1 branch of the dungeon, and saw 2 of its levels.

You collected 45 gold pieces.


Innate Abilities, Weirdness & Mutations

You have very sharp teeth.
Your uncanny sense of smell can sniff out nearby items.
Your experience applies equally to all skills.


   Skills:
 + Level 6.4 Fighting
 + Level 0.3 Short Blades
 + Level 0.3 Long Blades
 + Level 0.3 Axes
 + Level 0.3 Maces & Flails
 + Level 0.3 Polearms
 + Level 0.3 Staves
 + Level 0.3 Slings
 + Level 0.3 Bows
 + Level 0.3 Crossbows
 + Level 0.3 Throwing
 + Level 0.3 Armour
 + Level 4.4 Dodging
 + Level 9.5 Stealth
 + Level 0.3 Shields
 + Level 4.4 Unarmed Combat
 + Level 0.3 Spellcasting
 + Level 0.2 Conjurations
 + Level 0.2 Hexes
 + Level 0.2 Summonings
 + Level 0.2 Necromancy
 + Level 0.2 Translocations
 + Level 0.2 Transmutations
 + Level 0.2 Fire Magic
 + Level 0.2 Ice Magic
 + Level 0.2 Air Magic
 + Level 0.2 Earth Magic
 + Level 0.2 Poison Magic
 + Level 0.4 Invocations
 + Level 0.3 Evocations


You had one spell level left.
You didn't know any spells.
Your spell library was empty.

Inventory:

Missiles
 g - 27 stones (quivered) {throwing}
Armour
 a - a +0 leather armour (worn)
Jewellery
 h - a ring of wizardry (left hand)
   (You found it on level 5 of the Dungeon)
 i - a +6 ring of strength (right hand)
   (You found it on level 5 of the Dungeon)
Wands
 f - a wand of digging (3)
Scrolls
 b - a scroll of fog
 c - a scroll of magic mapping {!r}
 d - a scroll of fear

Dungeon Overview and Level Annotations

Branches:
Dungeon (6/15)
 Temple: D:4-7

Altars:

#..............#
#..............#
#..............#
#..............# #
#..............#
..#######...........[###
........#............#rr
.......g#............# r
.....g.@gl.zrr.......#
..##...g#r...........###
######...............
#............###
#............#
##########...# #...#
#...### #......


You could see an iguana, a wight, 4 gnolls and 3 rats.


Message History

There is an open door here.
You now have 30 gold pieces (gained 7).
You open the door.
There is an open door here.
You now have 45 gold pieces (gained 15).
You open the door. 4 gnolls come into view.
A gnoll is wielding a +2 vorpal flail.
The gnoll shouts! x3
There is an open door here.
You feel stronger.
i - a +6 ring of strength (right hand)
You close the door.
A gnoll opens the door.
A hound skeleton comes into view.
The hound skeleton moves out of view.
There is an open door here.
You close the door.
Something unseen opens the door.
There is an open door here.
There is a stone staircase leading down here.
You climb downwards.
Found a robe.
Found a stone staircase leading down.
There is a stone staircase leading up here.
Unknown command.
Unknown command.
Unknown command.
You climb upwards.
There is a stone staircase leading down here.
The gnoll shouts!
You open the door. The gnoll closely misses you.
There is an open door here.
There is a stone staircase leading down here.
The gnoll hits you with a +0 club.
You climb downwards.
There is a stone staircase leading up here. 😕 HP[-2]
You take 2 damage, and now have 21/23 hp.
Unknown command.
Unknown command.
You closely miss the gnoll. You bite the gnoll. The gnoll barely misses you.
You punch the gnoll!
The gnoll hits you with a +0 club. 😮 HP[-4]
You take 4 damage, and now have 17/23 hp.
You closely miss the gnoll. The gnoll barely misses you.
You hit the gnoll.
You kill the gnoll!
You have reached level 2! 😮 HP[+4] MP[+1]
You now have 29 max hp (+6).
You regained 4 hp, and now have 21/29 hp.
Your mp is fully restored (2).
You start resting.
You hear a distant slurping noise. 😎 HP[+8]
Your hp is fully restored (29).
You hear a distant slurping noise.
An iguana comes into view.
You see here a +0 ring mail.
A wight comes into view. It is wielding a +3 short sword.
You see here a +0 ring mail.
You hear a distant slurping noise.
There is a stone staircase leading up here.
You climb upwards.
The gnoll closely misses you. x2
There is a stone staircase leading down here.
The gnoll hits you from afar with a +0 spear.
The gnoll hits you with a +0 flail!
You climb downwards.
There is a stone staircase leading up here. 😮 HP[-13]
You take 13 damage, and now have 16/29 hp.
MASSIVE DAMAGE!! (PAUSE)
The wight closely misses you.
You see here a +0 club {mace}.
The wight hits you with a +3 short sword.
You feel drained.
You now have 28 max hp (-1).
Really walk onto that pressure plate?
You step on to a pressure plate.
Suddenly a wall slides open! 11 rats and 4 river rats come into view. 😮 HP[+1] 2 rats come into view.
The rat misses you. The gnoll hits you with a +0 flail.
* * * LOW HITPOINT WARNING * * *
😨 HP[-4]
You take 4 damage, and now have 13/28 hp. 😨 HP[+1]
You open the door. 2 gnolls come into view.
The gnoll barely misses you.
A gnoll comes into view. It is wielding a +0 flail.
The gnoll barely misses you.
There is an open door here.
The gnoll closely misses you. The gnoll hits you with a +0 flail!
* * * LOW HITPOINT WARNING * * *
😱 HP[-10]
You take 10 damage, and now have 4/28 hp.
MASSIVE DAMAGE!! (PAUSE)
You feel yourself speed up. The gnoll hits you with a +0 halberd.
You die...

Skill      XL: | |
---------------+-+-----
Stealth        | |  9.5
Fighting       | |  6.4
Short Blades   | |  0.3
Long Blades    | |  0.3
Axes           | |  0.3
Maces & Flails | |  0.3
Polearms       | |  0.3
Staves         | |  0.3
Slings         | |  0.3
Bows           | |  0.3
Crossbows      | |  0.3
Throwing       | |  0.3
Armour         | |  0.3
Dodging        | |  4.4
Shields        | |  0.3
Unarmed Combat | |  4.4
Spellcasting   | |  0.3
Conjurations   | |  0.2
Hexes          | |  0.2
Summonings     | |  0.2
Necromancy     | |  0.2
Translocations | |  0.2
Transmutations | |  0.2
Fire Magic     | |  0.2
Ice Magic      | |  0.2
Air Magic      | |  0.2
Earth Magic    | |  0.2
Poison Magic   | |  0.2
Invocations    | |  0.4
Evocations     | |  0.3

Action                   || total
-------------------------++-------
Melee: Unarmed           ||     4
       Bite              ||     1
  Use: Potion            ||     1
Dodge: Dodged            ||    10

Levels and vault maps discovered:
D:5:      layout_gridville, mainiacjoe_overflow_24_doors,
          minmay_temple_entry_drinking_statues, st_stairs_11,
          minmay_starry_boxes
D:6:      old_forge, layout_gridville, grunt_dithmenos_shadows,
          dk_rats_in_the_wall

Notes
Turn   | Place    | Note
-------+----------+-------------------------------------------
     0 | D:5      | Reached skill level 9 in Stealth
     0 | D:5      | spaghetti the Gnoll Delver began the quest for the Orb.
     0 | D:5      | Reached XP level 1. HP: 23/23 MP: 1/1
     0 | D:5      | magus.rc [v1.9.6]
   119 | D:6      | Noticed a water moccasin zombie
   146 | D:6      | Reached XP level 2. HP: 21/29 MP: 2/2
   252 | D:6      | Noticed a wight
   312 | D:6      | HP: 4/28 [gnoll (10)]
   313 | D:6      | Slain by a gnoll

Vanquished Creatures
  A gnoll (D:6)
1 creature vanquished.

Table legend:
 A = Non-vault XP
 B = Vault XP
 C = Vault XP percentage of total XP
 D = Non-vault monster count
 E = Vault monster count
 F = Vault count percentage of total count
                 A         B        C        D         E       F
            +---------+---------+-------+---------+---------+-------
      Total |      13 |       0 |   0.0 |       1 |       0 |   0.0
            +---------+---------+-------+---------+---------+-------
        D:6 |      13 |       0 |   0.0 |       1 |       0 |   0.0
            +---------+---------+-------+---------+---------+-------

Illustrated notes

Table legend:
 A = Kills in this place as a percentage of kills in entire the game.
 B = Kills by you in this place as a percentage of kills by you in the entire game.
 C = Kills by friends in this place as a percentage of kills by friends in the entire game.
 D = Other kills in this place as a percentage of other kills in the entire game.
 E = Experience gained in this place as a percentage of experience gained in the entire game.
 F = Experience gained in this place divided by the number of levels of this place that you have seen.
                   A       B       C       D       E      F
               +-------+-------+-------+-------+-------+----------------------
         Total | 100.0 | 100.0 |   N/A |   N/A | 100.0 |   6.5
       Dungeon | 100.0 | 100.0 |   N/A |   N/A | 100.0 |   6.5
               +-------+-------+-------+-------+-------+----------------------

Table legend: (Time is in decaauts)
 A = Elapsed time spent in this place.
 B = Non-inter-level travel time spent in this place.
 C = Inter-level travel time spent in this place.
 D = Time resting spent in this place.
 E = Time spent auto-exploring this place.
 F = Levels seen in this place.
 G = Mean time per level.
                   A        B        C        D        E       F      G
               +--------+--------+--------+--------+--------+-----+--------+
         Total |    313 |    313 |      0 |     82 |    108 |   2 |  156.5 |
       Dungeon |    313 |    313 |      0 |     82 |    108 |   2 |  156.5 |
               +--------+--------+--------+--------+--------+-----+--------+

Top non-repeatable levels by time:
     D:6: 172 daAuts
     D:5: 141 daAuts
